Map: 10000 Feet LE

Players

Ritosan

  • Race: Terran Terran
  • Spawn Location: 5:00

Sindyr - Winner!

  • Race: Zerg Zerg
  • League: Master
  • Spawn Location: 11:00

VOD

Have the link to the VOD?

Description

Time

  • Played on: Jan. 17, 2026, 1:48 p.m.
  • Length: 16:35
Show
View Real Time Build Order
Export as new Build Order

Ritosan Terran 

Build Orders: Mech 

Get SALT Encoding   

  12  0:50  Command Center  
  12  0:56  Supply Depot  
  12  1:02  Supply Depot  
  12  1:09  SCV  
  13  1:14  Supply Depot  
  13  1:28  Barracks  
  13  1:35  SCV  
  14  1:47  SCV  
  14  1:50  Refinery  
  15  1:59  SCV  
  16  2:05  SCV  
  17  2:17  Orbital Command  
  17  2:18  SCV  
  18  2:24  Marine  
  19  2:31  Orbital Command  
  19  2:47  Marine  
  20  2:59  SCV, Factory  
  20  3:04  Refinery, SCV  
  22  3:06  Marine  
  22  3:11  SCV  
  24  3:16  SCV  
  25  3:23  SCV  
  25  3:26  Marine, Refinery  
  27  3:35  SCV  
  27  3:38  SCV  
  29  3:44  Starport  
  29  3:47  Factory Reactor  
  29  3:48  SCV  
  30  3:50  SCV  
  31  3:58  Refinery  
  31  4:00  SCV  
  31  4:02  SCV  
  33  4:06  Factory  
  33  4:12  SCV  
  33  4:14  SCV  
  35  4:19  Supply Depot  
  35  4:20  Supply Depot  
  35  4:23  Starport Tech Lab  
  35  4:24  SCV  
  35  4:26  SCV  
  35  4:27  Fusion Core  
  37  4:36  SCV  
  38  4:38  SCV  
  43  4:45  Widow Mine  
  43  4:46  Widow Mine  
  44  5:00  SCV  
  44  5:04  Armory  
  44  5:05  Factory Tech Lab  
  44  5:12  SCV  
  51  5:14  Battlecruiser  
  51  5:17  Weapon Refit  
  51  5:18  SCV  
  52  5:23  Engineering Bay  
  52  5:24  SCV  
  53  5:28  Supply Depot  
  53  5:30  SCV  
  54  5:36  SCV  
  54  5:38  Supply Depot  
  55  5:42  SCV  
  55  5:48  SCV  
  57  5:51  Supply Depot  
  57  5:55  SCV  
  56  5:59  Widow Mine x2  
  56  6:00  Widow Mine  
  56  6:01  Drilling Claws  
  62  6:20  Factory  
  62  6:21  Battlecruiser  
  62  6:23  SCV x2  
  70  6:29  Missile Turret  
  70  6:33  Reaper  
  70  6:36  Widow Mine x3  
  77  6:41  Terran Ship Weapons Level 1  
  77  6:58  Widow Mine  
  77  6:59  Widow Mine x2  
  83  7:08  Command Center  
  81  7:25  Widow Mine x2  
  81  7:26  Factory Reactor  
  81  7:29  Battlecruiser  
  91  7:38  Siege Tank  
  94  7:59  Refinery  
  94  8:02  Refinery  
  94  8:03  Supply Depot  
  94  8:05  Supply Depot  
  94  8:06  Supply Depot, Widow Mine x2  
  86  8:12  Command Center  
  86  8:14  Widow Mine  
  86  8:15  Widow Mine  
  86  8:16  Widow Mine  
  92  8:25  SCV  
  93  8:33  Orbital Command  
  93  8:36  Battlecruiser  
  93  8:37  SCV  
  93  8:39  Terran Ship Weapons Level 2  
  100  8:42  Armory  
  100  8:54  Widow Mine x4  
  100  8:55  Widow Mine  
  110  9:03  Orbital Command  
  108  9:33  SCV  
  108  9:35  SCV  
  110  9:45  SCV, Siege Tank  
  106  9:47  Widow Mine x4, SCV  
  106  9:48  Battlecruiser  
  106  9:51  Terran Vehicle And Ship Armor Level 1  
  117  9:58  SCV x2  
  117  9:59  SCV  
  120  10:10  SCV x2  
  120  10:11  SCV  
  123  10:15  Command Center  
  123  10:19  Widow Mine  
  123  10:20  Widow Mine x3  
  134  10:22  SCV x2, Widow Mine  
  134  10:23  SCV  
  134  10:37  Starport  
  126  10:59  Widow Mine x3  
  126  11:00  Widow Mine  
  126  11:02  Command Center  
  134  11:08  Supply Depot  
  134  11:10  Supply Depot  
  134  11:14  Supply Depot  
  134  11:21  Missile Turret  
  134  11:26  Siege Tank  
  134  11:32  Supply Depot, Starport Reactor  
  137  11:33  Supply Depot  
  137  11:35  Battlecruiser  
  137  11:37  Terran Ship Weapons Level 3  
  143  11:44  Refinery  
  143  11:45  Terran Vehicle Weapons Level 1  
  143  11:46  Refinery  
  143  11:59  Widow Mine x4  
  143  12:00  Widow Mine  
  153  12:23  Siege Tank, Widow Mine  
  153  12:24  Widow Mine x3  
  153  12:25  Command Center  
  153  12:26  Orbital Command  
  164  12:31  Missile Turret  
  164  12:33  Viking x2  
  168  12:43  Orbital Command  
  174  12:54  SCV  
  174  12:55  Command Center  
  170  13:06  SCV  
  145  13:15  Widow Mine x3  
  145  13:16  Widow Mine  
  153  13:23  Supply Depot  
  130  13:36  SCV  
  100  13:49  SCV  
  101  14:00  Planetary Fortress  
  101  14:03  SCV  
  102  14:15  SCV  
  97  14:27  SCV  
  92  14:39  SCV  
  92  14:41  Planetary Fortress  
  92  14:42  Orbital Command  
  93  14:52  Orbital Command  
  93  14:56  SCV  
  94  15:05  Supply Depot x2  
  94  15:06  Supply Depot  
  94  15:08  SCV  
  92  15:17  Fusion Core  
  92  15:21  SCV  
  92  15:27  SCV  
  93  15:30  SCV  
  93  15:33  SCV  
  95  15:39  SCV  
  95  15:42  SCV  
  90  15:47  Starport Tech Lab  
  90  15:48  Barracks  
  90  15:51  SCV  
  90  15:54  SCV x2  
  90  15:59  Command Center  
  90  16:02  Engineering Bay  
  90  16:03  SCV  
  90  16:06  SCV x2  
  88  16:18  SCV  
Show
View Real Time Build Order
Export as new Build Order

Sindyr Zerg - Winner!

Build Orders: Hatch First 

Get SALT Encoding   

  12  0:02  Drone  
  13  0:12  Overlord  
  13  0:20  Drone  
  14  0:31  Drone x2  
  14  0:35  Drone  
  17  0:46  Drone  
  18  1:00  Hatchery  
  18  1:01  Overlord  
  17  1:09  Extractor  
  17  1:10  Drone  
  17  1:22  Spawning Pool  
  16  1:27  Drone  
  16  1:29  Drone  
  18  1:39  Drone  
  19  1:51  Overlord  
  19  2:05  Drone  
  20  2:12  Queen x2  
  24  2:22  Baneling Nest  
  23  2:25  Drone x3  
  23  2:26  Drone  
  27  2:34  Metabolic Boost  
  27  2:47  Overlord x2  
  27  3:01  Drone x3  
  30  3:11  Zergling x2  
  31  3:13  Zergling x2  
  31  3:15  Zergling x2  
  31  3:16  Hatchery  
  31  3:19  Zergling x2  
  33  3:26  Lair  
  33  3:37  Drone x2  
  33  3:38  Drone x3  
  38  3:49  Roach Warren  
  37  4:00  Evolution Chamber, Drone x3  
  37  4:02  Evolution Chamber  
  38  4:08  Queen  
  40  4:30  Zerg Missile Weapons Level 1  
  40  4:35  Queen  
  40  4:37  Drone x9  
  51  4:46  Extractor  
  50  4:58  Drone x3  
  53  5:01  Drone x3  
  53  5:02  Drone  
  57  5:10  Spine Crawler  
  57  5:13  Zerg Ground Armor Level 1  
  56  5:14  Spine Crawler  
  56  5:18  Centrifugal Hooks  
  55  5:37  Extractor  
  55  5:38  Drone x2  
  55  5:39  Drone  
  55  5:41  Drone x3  
  60  5:46  Extractor  
  60  5:49  Spine Crawler  
  58  5:51  Spine Crawler  
  58  5:54  Spore Crawler  
  56  6:03  Overlord x2  
  56  6:25  Spore Crawler  
  55  6:30  Drone x15  
  55  6:31  Spore Crawler, Drone  
  70  6:52  Extractor  
  70  6:53  Extractor  
  68  7:02  Zerg Missile Weapons Level 2  
  68  7:09  Zerg Ground Armor Level 2, Infestation Pit  
  68  7:11  Hydralisk Den  
  66  7:35  Overlord  
  66  7:36  Overlord  
  66  7:37  Overseer x2  
  64  7:41  Muscular Augments  
  64  7:46  Hive  
  64  7:53  Spore Crawler  
  64  7:56  Spine Crawler  
  64  7:57  Spine Crawler, Drone  
  64  7:58  Drone x5  
  66  8:18  Overseer x2  
  66  8:20  Queen  
  68  8:28  Drone x3  
  71  8:45  Roach x3  
  71  8:46  Roach x10  
  71  8:47  Roach x2  
  97  8:48  Glial Reconstitution  
  97  8:52  Grooved Spines  
  95  9:20  Overlord x4  
  95  9:37  Zerg Missile Weapons Level 3, Zerg Ground Armor Level 3  
  95  9:41  Adrenal Glands  
  94  9:50  Hatchery  
  93  10:08  Queen  
  93  10:11  Hydralisk  
  93  10:12  Hydralisk x8, Roach x3  
  93  10:13  Roach x5  
  129  10:15  Zergling x2  
  129  10:17  Overlord x3  
  129  10:18  Overlord x4  
  125  10:46  Pneumatized Carapace  
  125  10:47  Ultralisk Cavern  
  120  10:57  Hydralisk  
  120  10:58  Roach x2  
  120  10:59  Roach x14  
  120  11:00  Roach x3, Unknown  
  160  11:21  Queen  
  162  12:05  Overlord x7  
  162  12:06  Overlord x2  
  162  12:12  Chitinous Plating  
  162  12:14  Zerg Melee Weapons Level 1  
  162  12:31  Hydralisk x15  
  162  12:32  Hydralisk x4  
  194  13:00  Hydralisk x3  
  194  13:01  Roach x2  
  194  13:19  Spire  
  188  13:24  Queen  
  186  13:30  Anabolic Synthesis  
  182  13:43  Hydralisk x9  
  182  13:44  Hydralisk x3  
  182  13:46  Hydralisk x2  
  182  13:47  Hydralisk  
  200  13:50  Lair  
  200  14:00  Spawning Pool  
  147  14:26  Corruptor x7  
  141  14:59  Spawning Pool  
  140  15:15  Spore Crawler  
  140  15:16  Spore Crawler  
  140  15:21  Spore Crawler  
  124  15:45  Roach x2  
  124  15:46  Roach x8  
  124  15:47  Roach x7  
  154  15:54  Queen  
  156  15:58  Drone x13  
Tags
 
Composition
Mech
League
Master
Matchup
TvZ
Replay Pack
Multiplayer
Spawn Locations
Cross Positions
Add a new tag
Caveats
  • Supply blocks, unpowered buildings, or Contaminate may cause inaccurate times.
  • Supply counts are checked every 10 seconds.